 Dungeon Crawl Stone Soup version 0.29.1-2-gbd0b4ee654 (webtiles) character file.

Game seed: 133724679368317874

3550 concernfroge the Fighter (level 9, 0/78 HPs)
             Began as a Mummy Monk on Nov 26, 2022.
             Slain by a gnoll sergeant
             ... wielding a +0 glaive
              (9 damage)
             ... in a bailey.
             The game lasted 00:21:45 (9084 turns).

concernfroge the Fighter (Mummy Monk)               Turns: 9084, Time: 00:21:46

Health: 0/78       AC: 11    Str: 18    XL:     9   Next: 83%
Magic:  9/9        EV:  6    Int:  9    God:
Gold:   252        SH:  0    Dex: 15    Spells: 8/8 levels left

rFire   . . .      SeeInvis .   a - +8 quarterstaff of Fate {vorpal, rF+ rC+}
rCold   + + .      Faith    .   (shield currently unavailable)
rNeg    + + +      Spirit   .   d - +0 ring mail
rPois   ∞          Reflect  .   k - +1 helmet
rElec   .          Harm     .   q - +0 cloak
rCorr   .          Rampage  .   b - +1 pair of gloves
Will    +....                   l - +0 pair of boots
Stlth   +.........              (no amulet)
HPRegen 0.23/turn               (no ring)
MPRegen 0.11/turn               (no ring)

@: held
A: cold resistance 1, negative energy resistance 3, torment resistance 2, heat
vulnerability 1, in touch with death 1, no potions
a: no special abilities


You were in a bailey.
You visited 2 branches of the dungeon, and saw 8 of its levels.
You also visited: Bailey.

You collected 372 gold pieces.
You spent 120 gold pieces at shops.

Inventory:

Hand Weapons
 a - the +8 quarterstaff of Fate (weapon) {vorpal, rF+ rC+}
   (You found it on level 5 of the Dungeon)

   It inflicts extra damage upon your enemies.
   rF:        It protects you from fire.
   rC:        It protects you from cold.
 g - a +1 scythe
 r - a +5 morningstar
Missiles
 f - 7 poisoned darts (quivered)
 m - 4 boomerangs
 w - a throwing net
Armour
 b - a +1 pair of gloves (worn)
 d - a +0 ring mail (worn)
 k - a +1 helmet (worn)
 l - a +0 pair of boots (worn)
 q - a +0 cloak (worn)
Wands
 e - a wand of flame (11)
 h - a wand of quicksilver (4)
 p - a wand of roots (19)
 v - a wand of digging (4)
Scrolls
 c - 3 scrolls of teleportation
 i - 5 scrolls of amnesia
 j - a scroll of fog
 t - 2 scrolls of noise
 u - a scroll of silence


   Skills:
 - Level 10.0 Fighting
 - Level 5.4(7.2) Polearms
 + Level 7.3(8.1) Staves
 - Level 2.4 Dodging
 - Level 1.5 Stealth


You had 8 spell levels left.
You didn't know any spells.
Your spell library contained the following spells:

 Spells                   Type           Power      Damage    Failure   Level
 Gell's Gravitas          Tloc           0%         N/A       91%         3
 Ignite Poison            Fire/Tmut/Pois 0%         N/A       91%         3
 Lesser Beckoning         Tloc           0%         N/A       91%         3
 Mephitic Cloud           Conj/Pois/Air  0%         N/A       91%         3
 Portal Projectile        Hex/Tloc       0%         N/A       91%         3
 Teleport Other           Tloc           0%         N/A       91%         3
 Tukima's Dance           Hex            0%         N/A       91%         3
 Passage of Golubria      Tloc           0%         N/A       100%        4
 Freezing Cloud           Conj/Ice/Air   0%         6-21      100%        5
 Yara's Violent Unravell  Hex/Tmut       0%         3d3       100%        5
 Blade Hands              Tmut           Unusable   N/A       N/A         5

Dungeon Overview and Level Annotations

Branches:
Dungeon (7/15)             Temple (1/1) D:6          Bailey (1/1)

Altars:
Ashenzari
Cheibriados
Dithmenos
Fedhas
Hepliaklqana
Kikubaaqudgha
Makhleb
Nemelex Xobeh
Okawaru
Qazlal
Ru
Sif Muna
Trog
Wu Jian
Xom
Yredelemnul

Shops:
D:4 [   D:6 !   D:7 *

Annotations:
D:4 Dowan, Edmund


Innate Abilities, Weirdness & Mutations

You are immune to poison.
Your flesh is cold resistant. (rC+)
You are immune to negative energy. (rN+++)
You are immune to unholy pain and torment.
You are vulnerable to heat. (rF-)
You are in touch with the powers of death.
You do not drink.


Message History

The gnoll sergeant looks as sick as possible!
The gnoll sergeant is lightly wounded.
A gnoll comes into view. It is wielding a +0 halberd.
The gnoll shouts!
The gnoll sergeant hits you from afar with a +0 glaive.
There is an empty arch of ancient stone here.
The wolf howls!
You hit the gnoll sergeant but do no damage.
The gnoll sergeant is heavily wounded.
The gnoll sergeant closely misses you.
You hit the gnoll sergeant.
The gnoll sergeant is severely wounded.
The gnoll throws a throwing net.
The throwing net hits you.
You become entangled in the net!
The gnoll sergeant hits you with a +0 glaive.
You struggle against the net.
The gnoll hits you but does no damage.
The gnoll sergeant hits you with a +0 glaive!
You struggle against the net.
The wolf bites you but does no damage.
The gnoll hits you from afar with a +0 halberd.
The wolf bites you.
The gnoll sergeant hits you with a +0 glaive!
* * * LOW HITPOINT WARNING * * *
You struggle against the net.
The wolf bites you.
* * * LOW HITPOINT WARNING * * *
The gnoll hits you from afar with a +0 halberd.
* * * LOW HITPOINT WARNING * * *
The gnoll sergeant hits you with a +0 glaive.
* * * LOW HITPOINT WARNING * * *
Okay, then.
Aiming: Quicksilver Bolt
Press: ? - help, Shift-Dir - straight line, f/p - gnoll sergeant
Aim: a gnoll sergeant, wielding a +0 glaive and wearing a +0 chain mail (severely wounded, very poisoned, 83% to hit)
The bolt of dispelling energy misses the gnoll sergeant.
The wolf bites you.
* * * LOW HITPOINT WARNING * * *
The wolf barely misses you.
The gnoll hits you from afar with a +0 halberd.
* * * LOW HITPOINT WARNING * * *
The gnoll sergeant hits you with a +0 glaive!
You die...

♣≈. #...#
♣≈.######'''######
♣≈................
♣≈≈...((((........
♣≈≈≈≈≈≈≈)(.≈≈≈≈≈≈
♣.......(.......
♣♣♣.....g.....♣♣
♣♣♣♣..h....♣♣
♣♣.@g♣♣♣♣ ♣♣.♣♣
♣.♣ ♣∩♣ ###


You could see a gnoll sergeant (very poisoned), a wolf and a gnoll.

Vanquished Creatures
  Joseph (D:7)
  Sigmund (D:4)
  A water moccasin (D:5)
  Duvessa (D:4)
  2 orc warriors
  A sky beast (D:6)
  3 ice beasts
  A black bear (D:6)
  3 ogres
  A wolf (Bailey)
  A centaur (D:5)
  A phantom (D:4)
  A kobold brigand (D:6)
  Blork the orc (D:6)
  A bullfrog (D:7)
  2 gnoll sergeants (Bailey)
  2 necrophages
  3 scorpions
  5 wights (D:7)
  A howler monkey (D:7)
  A quasit (D:6)
  4 jellies
  5 hounds
  2 gnoll boudas (Bailey)
  2 iguanas (D:5)
  2 orc wizards
  14 gnolls
  8 adders
  3 shadow imps
  4 white imps
  4 worms
  4 dart slugs
  19 orcs
  6 endoplasms
  6 giant cockroaches
  7 goblins
  5 hobgoblins
  3 jackals (D:2)
  3 quokkas
  2 ball pythons
  8 bats
  5 frilled lizards
  32 kobolds
  8 rats
190 creatures vanquished.

Vanquished Creatures (others)
  5 demonic plants (D:6)
  59 plants (D:6)
64 creatures vanquished.

Grand Total: 254 creatures vanquished

Notes
Turn   | Place    | Note
-------+----------+-------------------------------------------
     0 | D:1      | concernfroge the Mummy Monk began the quest for the Orb.
     0 | D:1      | Reached XP level 1. HP: 18/18 MP: 1/1
    42 | D:1      | Found a faded altar of an unknown god.
   787 | D:1      | Reached XP level 2. HP: 17/24 MP: 2/2
  1159 | D:2      | Reached skill level 4 in Fighting
  1168 | D:2      | Gained mutation: You are in touch with the powers of death.
                  | [Mummy growth]
  1168 | D:2      | Reached XP level 3. HP: 30/30 MP: 3/3
  1717 | D:2      | Reached XP level 4. HP: 38/38 MP: 4/4
  1750 | D:2      | Reached skill level 5 in Fighting
  1821 | D:2      | Found the amulet of Elemental Vulnerability {rPois rF--
                  | rC-- AC+8}
  2078 | D:3      | You fall into a shaft and drop 1 floor!
  2103 | D:3      | Found a shimmering blue altar of Sif Muna.
  2630 | D:3      | Noticed an orc warrior
  2812 | D:4      | Noticed Sigmund
  2826 | D:4      | Killed Sigmund
  2827 | D:4      | Reached skill level 6 in Fighting
  2827 | D:4      | Reached XP level 5. HP: 38/47 MP: 5/5
  2827 | D:4      | Reached XP level 6. HP: 42/53 MP: 6/6
  2957 | D:4      | Reached skill level 7 in Fighting
  3067 | D:4      | Noticed Duvessa
  3067 | D:4      | Noticed Dowan
  3079 | D:4      | Killed Duvessa
  3532 | D:4      | Noticed Edmund
  3561 | D:4      | Found Poitz's Antique Armour Shop.
  4013 | D:4      | Reached XP level 7. HP: 22/60 MP: 7/7
  4795 | D:5      | Entered Level 5 of the Dungeon
  5187 | D:5      | Reached skill level 8 in Fighting
  6011 | D:3      | Reached XP level 8. HP: 44/69 MP: 8/8
  6260 | D:4      | Reached skill level 5 in Polearms
  6324 | D:4      | Reached skill level 9 in Fighting
  6433 | D:5      | Identified the +8 quarterstaff of Fate {vorpal, rF+ rC+}
  6537 | D:5      | Reached skill level 1 in Staves
  6717 | D:5      | Found a burning altar of Makhleb.
  6915 | D:6      | Found a staircase to the Ecumenical Temple.
  6920 | Temple   | Entered the Ecumenical Temple
  6940 | D:6      | Noticed Blork the orc
  6949 | D:6      | Killed Blork the orc
  7161 | D:6      | Reached XP level 9. HP: 74/78 MP: 9/9
  7244 | D:6      | Reached skill level 10 in Fighting
  7359 | D:6      | Found Xafral's Distillery.
  7650 | D:6      | Found a snail-covered altar of Cheibriados.
  7659 | D:6      | Found a bloodstained altar of Trog.
  7975 | D:7      | Found Loelet's Assorted Antiques.
  7997 | D:7      | Reached skill level 5 in Staves
  8108 | D:7      | Bought a scroll of identify for 48 gold pieces
  8108 | D:7      | Bought a scroll labelled ZADWAABLEA for 24 gold pieces
  8108 | D:7      | Bought a scroll of identify for 48 gold pieces
  8117 | D:7      | Noticed Joseph
  8133 | D:7      | Killed Joseph
  8434 | D:7      | Found a flagged portal.
  8443 | Bailey   | Entered a bailey
  8884 | Bailey   | Identified a scroll of acquirement
  8884 | Bailey   | Acquired 959 gold pieces
  9084 | Bailey   | Slain by a gnoll sergeant

Illustrated notes

Levels and vault maps discovered:
D:1:      evilmike_arrival_plus, layout_basic, chequers_ecumenical_altar_island
D:2:      minmay_razor_zed, layout_rooms, minmay_fractal_squares_5
D:3:      layout_basic, nicolae_sif_muna_condensation
D:4:      layout_basic, serial_co_window_serial, co_window_corner_a,
          co_window_of_opportunity_a, co_window_paths_a, co_window_corner_a,
          co_window_paths_a, co_window_unsneaky_path_b, co_window_broadway_b,
          co_window_broadway_b, co_window_corner_b, co_window_paths_e,
          co_window_4corner_a, glass_columns_a, glass_columns_b,
          glass_columns_a, glass_columns_b, glass_columns_b,
          nicolae_stop_n_shop_1, uniq_sigmund, uniq_edmund, uniq_duvessa
D:5:      layout_cave_pools, overflow_temple_1_default, serial_column_ruins,
          column_ruins_open_small, column_ruins_open_tiny,
          column_ruins_columns_straight
D:6:      kennysheep_kobold_camp, layout_rooms, mainiacjoe_overflow_swirl,
          minmay_temple_entry_overgrown, serial_demonic, serial_demonic_e,
          serial_demonic_b, serial_demonic_d, serial_demonic_b, serial_shops,
          shop, uniq_blork_the_orc
D:7:      layout_basic, enter_bailey_8, serial_shops,
          nicolae_shop_overgrown_old_shop, uniq_joseph
Temple:   minmay_freezing_vapour_temple
Bailey:   bailey_polearm_gnolls_kennysheep, bailey

Skill      XL: |  1  2  3  4  5  6  7  8  9 |
---------------+----------------------------+-----
Fighting       | 4 6 7 8 9 10 | 10.0
Polearms       | 3 4 5 |  5.4
Staves         | 2 7 |  7.3
Dodging        | |  2.4
Stealth        | |  1.5

Action                   |  1- 3 |  4- 6 |  7- 9 || total
-------------------------+-------+-------+-------++-------
Melee: Spear             |    22 |       |       ||    22
       Short sword       |   112 |   119 |       ||   231
       Punch             |     3 |     1 |       ||     4
       Halberd           |       |    58 |   159 ||   217
       Quarterstaff      |       |       |   189 ||   189
Throw: Dart              |       |     5 |    17 ||    22
       Boomerang         |       |     2 |    14 ||    16
       Throwing net      |       |     1 |     2 ||     3
Evoke: Wand              |       |       |     1 ||     1
  Use: Scroll            |       |     7 |    10 ||    17
 Stab: Sleeping          |       |     2 |       ||     2
       Held in net/web   |       |       |     2 ||     2
Armor: Ring mail         |    46 |    75 |   179 ||   300
Dodge: Dodged            |    66 |    99 |   231 ||   396
